[Event "*** Titled Tuesday Blitz"]
[Site "Chess.com"]
[Date "2018.01.02"]
[Round "7"]
[White "tteshan"]
[Black "plouarzel"]
[Result "1-0"]
[WhiteElo "2034"]
[BlackElo "2323"]
[TimeControl "180+2"]
[EndTime "14:33:10 PST"]
[Termination "tteshan won by resignation"]

1. d4 Nf6 2. c4 g6 3. Nc3 d5 4.
cxd5 Nxd5 5. e4 Nxc3 6. bxc3 Bg7 7. Nf3 c5 8. Be3 O-O 9. Be2 Qa5 10. Qd2 Nc6 11. Rd1 Rd8 12. O-O cxd4 13. cxd4 Qxd2 14. Rxd2 Bg4 15. d5 Na5 16. Rc2 Rdc8 17. Rfc1 b6 18.
Nd4 Rxc2 19. Rxc2 Bxd4 20. Bxd4 Rc8 21. Rxc8+ Bxc8 22. Bb5 Nb7 23. Kf1 Nd6 24. Bd3 Kf8 25.
Ke2 e6 26. e5 Nf5 27. Bxf5 gxf5 28. d6 Ke8 29. Kd3 Bb7 30. f3 Kd7 31. Ke3 Kc6 32. Kf4 Kd7 33. Kg5 Bc6 34. Kh6 Bd5 35. a3 Ke8 36. Kxh7 Bc6 37. Kg7 a6 38. h4 b5 39. h5 f4 40. h6 Kd7 41. h7 1-0

[Event "*** Titled Tuesday Blitz"]
[Site "Chess.com"]
[Date "2018.01.02"]
[Round "7"]
[White "GM_dmitrij"]
[Black "dawtonlms"]
[Result "1-0"]
[WhiteElo "2621"]
[BlackElo "2406"]
[TimeControl "180+2"]
[EndTime "14:33:15 PST"]
[Termination "GM_dmitrij won by resignation"]

1. e4 c5 2. Nf3 d6 3. Bb5+ Nd7 4. O-O a6 5. Bd3 g6 6. c3 Bg7 7. Bc2 e5 8. d4 Ngf6 9. Nbd2 O-O 10. dxe5 dxe5 11.
Nc4 Qc7 12. a4 Rd8 13. Qd6 Qxd6 14. Nxd6 Ne8 15. Nc4 Rb8 16. a5 f6 17. Be3 b6 18.
axb6 Nxb6 19. Na5 Bd7 20. Bxc5 Rdc8 21. Be3 Be6 22. Bd3 Nc4 23. Nxc4 Bxc4 24. Bxc4+ Rxc4 25.
Nd2 Rc6 26. Ra2 Nd6 27. Rfa1 Nc4 28. Nxc4 Rxc4 29. f3 Rc6 30. Bc1 Rbb6 31. Be3 Rb8 32. Kf1 Kf7 33. Ke2 Ke6 34. Kd3 Bf8 35. Kc2 Ra8 36. Ra5 Bd6 37. Rd5 Be7 38. Ra4 Rb8 39.
Rda5 Ra8 40. b4 Bd8 41. Rc5 Rac8 42. Rxa6 Rxa6 43. Rxc8 Be7 44. Kb2 Kd7 45. Rb8 h5 46. Rb7+ Ke6 47. Rb6+ 1-0

[Event "*** Titled Tuesday Blitz"]
[Site "Chess.com"]
[Date "2018.01.02"]
[Round "7"]
[White "Zufi1811"]
[Black "RaphaeI"]
[Result "1-0"]
[WhiteElo "2419"]
[BlackElo "2478"]
[TimeControl "180+2"]
[EndTime "14:33:18 PST"]
[Termination "Zufi1811 won by resignation"]

1. e4 c5 2. Nf3 Nc6 3. Bb5 g6 4. O-O Bg7 5. Bxc6 dxc6 6. d3 Bg4 7. h3 Bxf3 8. Qxf3 Nf6 9. Nd2 Nd7 10. a4 a5 11. Qg3 e5 12. Nc4 O-O 13. f4 b5 14.
Nxe5 Nxe5 15. fxe5 Qe7 16. Bf4 Rfe8 17. Qf2 Ra7 18.
Be3 Qxe5 19. Bxc5 Rd7 20. d4 Qe6 21. e5 b4 22. Qf3 Rd5 23. Rae1 Qd7 24. Qg3 Re6 25.
c3 bxc3 26. Qxc3 Qd8 27. b4 axb4 28. Qxb4 h5 29. a5 h4 30. a6 1-0

[Event "*** Titled Tuesday Blitz"]
[Site "Chess.com"]
[Date "2018.01.02"]
[Round "7"]
[White "Tonychess32"]
[Black "Bryakin_Mikhail"]
[Result "1-0"]
[WhiteElo "2440"]
[BlackElo "2521"]
[TimeControl "180+2"]
[EndTime "14:33:20 PST"]
[Termination "Tonychess32 won by checkmate"]

1. e4 c5 2. Nf3 d6 3. d4 cxd4 4. Nxd4 Nf6 5. Nc3 e6 6. Be2 b6 7.
O-O Bb7 8. Bb5+ Nbd7 9. Bg5 Qc7 10. Bxf6 gxf6 11. Qh5 Ke7 12. Rad1 a6 13. Bxd7 Qxd7 14. f4 Qc7 15. Qh4 Bg7 16. f5 Qc5 17. fxe6 fxe6 18.
Qg4 Rhg8 19. Qxe6+ Kf8 20. Rxf6+ Bxf6 21. Qxf6+ Ke8 22.
Qe6+ Kd8 23. Qxg8+ Kc7 24. Qxh7+ Kb8 25. Kh1 Ka7 26. Nf5 d5 27. exd5 Re8 28. h3 Qf2 29. Qh5 Rf8 30. Nd4 Bc8 31. Qh7+ Rf7 32. Qe4 Rg7 33. Qf3 Qh4 34. Nc6+ Ka8 35. d6 Rg3 36. d7 Bxd7 37. Qf8+ Kb7 38. Rxd7+ Kxc6 39. Qc8# 1-0

[Event "*** Titled Tuesday Blitz"]
[Site "Chess.com"]
[Date "2018.01.02"]
[Round "7"]
[White "ViktorMatviishen"]
[Black "LawrenceTrent"]
[Result "1-0"]
[WhiteElo "2289"]
[BlackElo "2386"]
[TimeControl "180+2"]
[EndTime "14:33:21 PST"]
[Termination "ViktorMatviishen won by resignation"]

1. d4 d5 2. c4 e5 3. dxe5 d4 4. Nf3 Nc6 5. a3 Nge7 6. g3 Ng6 7.
Bg2 Ngxe5 8. O-O Be7 9. b4 O-O 10. Nbd2 Be6 11. b5 Nxf3+ 12. Nxf3 Na5 13. Nxd4 Bxc4 14.
Bb2 Bf6 15. Qa4 b6 16. Rfd1 Qe8 17. Rac1 Bxd4 18. Rxd4 Bxb5 19. Rg4 f6 20. Rxc7 g6 21. Bd5+ Kh8 22. Rh4 h5 23. Qf4 Rf7 24. Qh6+ Kg8 25.
Qxg6+ 1-0

[Event "*** Titled Tuesday Blitz"]
[Site "Chess.com"]
[Date "2018.01.02"]
[Round "7"]
[White "51616516516"]
[Black "AljoschaFeuerstack"]
[Result "0-1"]
[WhiteElo "2079"]
[BlackElo "1910"]
[TimeControl "180+2"]
[EndTime "14:33:29 PST"]
[Termination "AljoschaFeuerstack won by checkmate"]

1. d4 Nf6 2. c4 c5 3. d5 b5 4.
cxb5 a6 5. bxa6 e6 6. Nc3 exd5 7. Nxd5 Be7 8. Nxe7 Qxe7 9. Bg5 Bxa6 10. Nf3 O-O 11. e3 Bxf1 12. Kxf1 Nc6 13. g3 Rfb8 14. b3 h6 15.
Bxf6 Qxf6 16. Kg2 c4 17. bxc4 Rb2 18. Rf1 Ra3 19. Qxd7 Qxf3+ 20. Kxf3 Ne5+ 21. Kg2 Nxd7 22. Rfd1 Ne5 23. c5 Ng4 24. Rd8+ Kh7 25. Rc1 Rxf2+ 26.
Kg1 Raxa2 27. c6 Rg2+ 28. Kh1 Rxh2+ 29. Kg1 Rag2+ 30. Kf1 Nxe3+ 31. Ke1 Rh1# 0-1

[Event "*** Titled Tuesday Blitz"]
[Site "Chess.com"]
[Date "2018.01.02"]
[Round "7"]
[White "Laico"]
[Black "LuisFSiles"]
[Result "0-1"]
[WhiteElo "2156"]
[BlackElo "2226"]
[TimeControl "180+2"]
[EndTime "14:33:39 PST"]
[Termination "LuisFSiles won by resignation"]

1. e4 e5 2. Nc3 Nf6 3. f4 d5 4.
fxe5 Nxe4 5. Qf3 Nxc3 6. dxc3 Qh4+ 7. g3 Qe4+ 8. Qxe4 dxe4 9. Be3 Nc6 10. Bb5 Bd7 11. Bxc6 Bxc6 12. Ne2 O-O-O 13. Nd4 Bd5 14. O-O-O Bc5 15. a3 h6 16. Rhe1 Rhe8 17. Nf5 Bxe3+ 18. Rxe3 Rxe5 19. Nxg7 Rg8 20. c4 Bxc4 21. Rd4 Bd5 22. c4 Bc6 23. b4 b6 24. b5 Bb7 25. Re1 Rxg7 26. Red1 Rg8 27. Rd7 f5 28. Rf7 Rd8 29.
Rxd8+ Kxd8 30. Kd2 e3+ 31. Ke2 a6 32. a4 axb5 33.
cxb5 Bd5 34. Rf6 Bc4+ 35. Ke1 e2 36. Rc6 Re4 37. Rxh6 Rd4 38. Rd6+ Rxd6 0-1

[Event "*** Titled Tuesday Blitz"]
[Site "Chess.com"]
[Date "2018.01.02"]
[Round "7"]
[White "JammyDodger91"]
[Black "Maili15"]
[Result "1-0"]
[WhiteElo "2380"]
[BlackElo "2291"]
[TimeControl "180+2"]
[EndTime "14:33:40 PST"]
[Termination "JammyDodger91 won by resignation"]

1. e4 c5 2. d4 cxd4 3. c3 d3 4. Bxd3 g6 5. c4 Bg7 6. Nf3 d6 7. h3 Nd7 8. O-O Ngf6 9. Nc3 O-O 10. Be3 a6 11. Rc1 b6 12. b3 Bb7 13. Bb1 Rc8 14. Nd4 Nc5 15. f3 e5 16. Nc2 Nh5 17. Nb4 Nf4 18.
Kh2 h5 19. Nbd5 Nfe6 20. Ne2 h4 21. Qd2 f5 22. exf5 gxf5 23. f4 Ne4 24. Bxe4 fxe4 25. f5 Nc5 26. Bg5 Qe8 27. f6 Bh8 28. Ne7+ Kf7 29.
Nxc8 Qxc8 30. Qxd6 Re8 31. Qxb6 Re6 32. Qa5 Bxf6 33. Bxf6 Rxf6 34. Rxf6+ Kxf6 35. Rf1+ Kg7 36. Qd2 Ne6 37. Qd6 Kg8 38. Qxe5 Qc7 39. Qxc7 Nxc7 40. Nd4 Bc8 41. Rf4 1-0

[Event "*** Titled Tuesday Blitz"]
[Site "Chess.com"]
[Date "2018.01.02"]
[Round "7"]
[White "PowerThinking2650"]
[Black "sandager"]
[Result "1-0"]
[WhiteElo "2195"]
[BlackElo "1962"]
[TimeControl "180+2"]
[EndTime "14:33:40 PST"]
[Termination "PowerThinking2650 won by resignation"]

1. e4 e5 2. Nf3 Nc6 3. d4 exd4 4. Nxd4 Nf6 5. Nxc6 bxc6 6. e5 Qe7 7. Qe2 Nd5 8. c4 Ba6 9. b3 g6 10. f4 Bg7 11. Qf2 Nb6 12. Bd3 O-O 13. O-O Rfe8 14. Bb2 Qf8 15. Nd2 d6 16. Ne4 Nd7 17. Rae1 Bb7 18. exd6 Bxb2 19. Qxb2 cxd6 20. f5 Re5 21. fxg6 hxg6 22. Qd4 Rae8 23. Qxa7 Nc5 24. Nf6+ Kg7 25. Nxe8+ Rxe8 26. Bc2 Rxe1 27. Rxe1 Qd8 28. b4 Qf6 29.
bxc5 Qd4+ 30. Kh1 Qf2 31. Rc1 Bc8 32. Qe7 Bh3 33. Qg5 f6 34. Qxg6+ 1-0

[Event "*** Titled Tuesday Blitz"]
[Site "Chess.com"]
[Date "2018.01.02"]
[Round "7"]
[White "windking123"]
[Black "Angry_Serb"]
[Result "1-0"]
[WhiteElo "2429"]
[BlackElo "2420"]
[TimeControl "180+2"]
[EndTime "14:33:43 PST"]
[Termination "windking123 won by resignation"]

1. Nf3 Nf6 2. g3 d5 3. d4 Nc6 4.
Bg2 Bf5 5. Ne5 Nxe5 6. dxe5 Ne4 7. Nd2 Nxd2 8. Qxd2 c6 9. O-O g6 10. b3 Bg7 11. Bb2 O-O 12. Rfe1 Qc8 13. e4 dxe4 14. Bxe4 Rd8 15. Qe2 Bxe4 16. Qxe4 Rd5 17. c4 Rd8 18. Ba3 Qe6 19. Rad1 b5 20. cxb5 cxb5 21. Qb7 Bf8 22. Qxb5 Rxd1 23. Rxd1 Rc8 24. Qd7 Rc2 25. Qxe6 fxe6 26. Rd7 Rxa2 27. Bxe7 a5 28. Rd8 Kf7 29. Bxf8 Rb2 30. Bd6 Rxb3 31. Ra8 Rb5 32. Ra7+ 1-0

[Event "*** Titled Tuesday Blitz"]
[Site "Chess.com"]
[Date "2018.01.02"]
[Round "7"]
[White "kikydu96"]
[Black "gmjlh"]
[Result "1-0"]
[WhiteElo "2443"]
[BlackElo "2572"]
[TimeControl "180+2"]
[EndTime "14:33:45 PST"]
[Termination "kikydu96 won on time"]

1. e4 c6 2. d4 d5 3. Nc3 dxe4 4. Nxe4 Bf5 5. Ng3 Bg6 6. h4 h6 7. Nf3 e6 8. Ne5 Bh7 9. Bd3 Bxd3 10. Qxd3 Nd7 11. f4 Be7 12. Bd2 Nxe5 13. fxe5 Bxh4 14. O-O-O Bxg3 15. Qxg3 Ne7 16. Qxg7 Rg8 17. Qxh6 Qd5 18. Kb1 O-O-O 19. Bg5 Nf5 20. Qf6 Rdf8 21. Bh6 Nxh6 22. Qxh6 Qxg2 23. a3 Rd8 24. Qf6 Rd7 25. Rh7 Rg6 26.
Qh8+ Kc7 27. Qf8 Qf3 28. Rd3 Qf1+ 29. Ka2 Rg2 30. Rh8 Rxc2 31. Rb3 1-0

[Event "*** Titled Tuesday Blitz"]
[Site "Chess.com"]
[Date "2018.01.02"]
[Round "7"]
[White "ChessicallyInclined"]
[Black "angieflynn"]
[Result "1-0"]
[WhiteElo "2211"]
[BlackElo "1836"]
[TimeControl "180+2"]
[EndTime "14:33:45 PST"]
[Termination "ChessicallyInclined won by resignation"]

1. d4 f5 2. Bg5 Nf6 3. Nc3 e6 4.
e4 Be7 5. e5 Nd5 6. Bxe7 Nxe7 7.
f4 O-O 8. Nf3 a6 9. a4 b6 10.
Bd3 Bb7 11. O-O Nd5 12. Qd2 c5 13. Nxd5 exd5 14. c3 c4 15. Bc2 Nc6 16. Qe3 Qe7 17. Qf2 b5 18. axb5 axb5 19. Kh1 b4 20. Rxa8 Rxa8 21.
Bb1 Qf7 22. Rg1 Ne7 23. g4 bxc3 24. bxc3 Ra3 25. Ng5 Qg6 26. gxf5 Nxf5 27. Qf3 Ra1 28. Qh3 h6 29. Bxf5 1-0

[Event "*** Titled Tuesday Blitz"]
[Site "Chess.com"]
[Date "2018.01.02"]
[Round "7"]
[White "littleozy"]
[Black "kleinebeer98"]
[Result "1/2-1/2"]
[WhiteElo "2395"]
[BlackElo "2510"]
[TimeControl "180+2"]
[EndTime "14:33:46 PST"]
[Termination "Game drawn by repetition"]

1. d4 Nf6 2. c4 e6 3. Nf3 b6 4. g3 Bb7 5. Bg2 Be7 6. O-O O-O 7. Nc3 Ne4 8. Bd2 f5 9. Rc1 Bf6 10. d5 Na6 11. h4 h6 12. a3 Nac5 13. b4 Nxc3 14.
Bxc3 Ne4 15. Bxf6 Qxf6 16. Qd3 a5 17. Rfd1 axb4 18. axb4 Ra2 19. Nd4 exd5 20. cxd5 Bxd5 21. Nxf5 Qxf5 22. Qxd5+ Qxd5 23. Rxd5 Nxf2 24. Rxd7 Kh8 25. Rcxc7 Ra1+ 26. Kh2 Ng4+ 27. Kh3 Nf2+ 28. Kh2 Ng4+ 29. Kh3 Nf2+ 30. Kh2 Ng4+ 31. Kh3 Nf2+ 32. Kh2 Ng4+ 33. Kh3 Nf2+ 34. Kh2 1/2-1/2

[Event "*** Titled Tuesday Blitz"]
[Site "Chess.com"]
[Date "2018.01.02"]
[Round "7"]
[White "chesstatour"]
[Black "Al_Shima"]
[Result "0-1"]
[WhiteElo "2033"]
[BlackElo "2205"]
[TimeControl "180+2"]
[EndTime "14:33:46 PST"]
[Termination "Al_Shima won by resignation"]

1. c4 c6 2. e4 d5 3. exd5 cxd5 4. cxd5 Qxd5 5. Nc3 Qa5 6. Bc4 e6 7. Nge2 Nf6 8. O-O Be7 9. d4 O-O 10. Qb3 Rd8 11.
Bf4 Nc6 12. Nb5 Ne8 13. Rfd1 a6 14. Nbc3 b5 15. Bd3 Nb4 16. Be4 Ra7 17. a3 Nd5 18. Nxd5 exd5 19. Bxd5 Bf6 20. Bc6 Nd6 21. d5 Nc4 22.
Rab1 Bf5 23. Nd4 Bxb1 24. Rxb1 Bxd4 25. Qg3 Re7 26. Bg5 Re1+ 0-1

[Event "*** Titled Tuesday Blitz"]
[Site "Chess.com"]
[Date "2018.01.02"]
[Round "7"]
[White "juniortay"]
[Black "TijanaBlagojevic"]
[Result "0-1"]
[WhiteElo "2291"]
[BlackElo "2371"]
[TimeControl "180+2"]
[EndTime "14:33:49 PST"]
[Termination "TijanaBlagojevic won by resignation"]

1. e4 e5 2. Nc3 Nf6 3. Bc4 Nc6 4. d3 Na5 5. Nge2 c6 6. Bb3 Nxb3 7. axb3 d6 8. O-O Be7 9. f4 O-O 10. fxe5 dxe5 11.
Qe1 Nh5 12. Be3 Be6 13. Qf2 b6 14. Ra6 Qc8 15. Rfa1 Qb7 16. h3 f5 17. exf5 Rxf5 18.
Qe1 c5 19. Ne4 Bd5 20. N2c3 Bc6 21. g4 Rf3 22. gxh5 Qd7 23. Qf1 Rxf1+ 24. Rxf1 Qxh3 25. Bf2 Qg4+ 26. Kh2 Qxh5+ 27. Kg2 Qg4+ 28. Bg3 Bh4 29. Rf3 Rf8 30. Re3 Rf7 31. Ra1 h5 32. Rae1 Be7 33.
Rg1 h4 34. Kh2 hxg3+ 35. Rexg3 Qf4 36. Rg2 Kf8 37. Kh3 Qf5+ 38. Rg4 g6 39. Kh2 Ke8 40.
Rxg6 Rh7+ 41. Kg1 Kd7 42. R6g4 Rf7 43. Kh2 b5 44. Rf2 Qxg4 0-1

[Event "*** Titled Tuesday Blitz"]
[Site "Chess.com"]
[Date "2018.01.02"]
[Round "7"]
[White "TregubovP"]
[Black "Korchmar_Vasiliy"]
[Result "0-1"]
[WhiteElo "2510"]
[BlackElo "2539"]
[TimeControl "180+2"]
[EndTime "14:33:53 PST"]
[Termination "Korchmar_Vasiliy won by resignation"]

1. d4 Nf6 2. c4 e6 3. Nc3 Bb4 4.
e3 O-O 5. Bd3 d5 6. Ne2 dxc4 7.
Bxc4 c5 8. a3 Bxc3+ 9. bxc3 Qc7 10. Ba2 b6 11. O-O Bb7 12. Bb2 Nbd7 13. Ng3 Rfd8 14.
Qe2 Nf8 15. e4 Ng6 16. e5 Nd5 17. f3 cxd4 18. cxd4 Ndf4 19. Qd2 Qxe5 20. Rfe1 Qg5 21. Bc1 h5 22. Ne4 Bxe4 23. Rxe4 Rac8 24. Kh1 h4 25.
Rxf4 Rxc1+ 26. Rxc1 Nxf4 27. Bb1 g6 28. Rg1 e5 29. g3 Rxd4 30. Qe1 hxg3 31. Rxg3 Qh5 32.
Be4 Kg7 33. Rg1 f5 34. Bb7 e4 35. Rf1 Qh3 36. Rf2 e3 37. Qc3 Ne6 38. Rg2 f4 39. Bc8 Kh7 40. Qc2 Qxg2+ 0-1

[Event "*** Titled Tuesday Blitz"]
[Site "Chess.com"]
[Date "2018.01.02"]
[Round "7"]
[White "DiogenesSinopeus"]
[Black "DiamondCrusher22"]
[Result "1-0"]
[WhiteElo "2393"]
[BlackElo "1941"]
[TimeControl "180+2"]
[EndTime "14:33:53 PST"]
[Termination "DiogenesSinopeus won by resignation"]

1. d4 d5 2. c4 c6 3. Nc3 Nf6 4.
e3 a6 5. Nf3 dxc4 6. Bxc4 b5 7.
Be2 e6 8. O-O Bb7 9. Qc2 Nbd7 10.
Rd1 Qc7 11. a3 c5 12. dxc5 Bxc5 13. b4 Bb6 14. Bb2 O-O 15. Rac1 Rac8 16. Qb1 Qb8 17. Ng5 h6 18. Rxd7 hxg5 19. Rdd1 Ng4 20. Bxg4 Rc4 21.
Be2 Rh4 22. g3 Rh6 23. Ne4 e5 24. Nc5 Ba8 25. e4 Bxc5 26. Rxc5 Qe8 27. Rxe5 Qc8 28. Rxg5 f6 29. Bg4 Qe8 30. Rgd5 Qg6 31. Be6+ Kh8 32. f4 Qh5 33. Rxh5 1-0

[Event "*** Titled Tuesday Blitz"]
[Site "Chess.com"]
[Date "2018.01.02"]
[Round "7"]
[White "ZapataCharlesS"]
[Black "Adham_Fawzy"]
[Result "1-0"]
[WhiteElo "2633"]
[BlackElo "2412"]
[TimeControl "180+2"]
[EndTime "14:34:08 PST"]
[Termination "ZapataCharlesS won by resignation"]

1. e4 c5 2. c3 Nf6 3. e5 Nd5 4. d4 cxd4 5. Nf3 Nc6 6. Bc4 e6 7. cxd4 d6 8. O-O Be7 9. Nc3 Nxc3 10. bxc3 dxe5 11. Qe2 exd4 12. cxd4 O-O 13. Rd1 Bf6 14.
Rb1 Re8 15. Qe4 a6 16. Ba3 Ne7 17. Ne5 Nd5 18. Rd3 g6 19. Rh3 Bg7 20. Bb3 b5 21. Nc6 Qd7 22. Ne5 Qc7 23. Nxg6 f5 24. Qe1 hxg6 25. Bxd5 Rb8 26. Bb3 a5 27. d5 a4 28. d6 Qa7 29. Bc2 Bd7 30. Bd3 e5 31. Bc1 Qc5 32. Bg5 Qxd6 33. Bf1 Qe6 34. Rd1 Bc6 35.
Qb4 Bf8 36. Qh4 Bg7 37. Qh7+ Kf7 38. Bh6 Rg8 39. Rhd3 Rb7 40. Rd6 Rh8 41. Qxg7+ 1-0

[Event "*** Titled Tuesday Blitz"]
[Site "Chess.com"]
[Date "2018.01.02"]
[Round "7"]
[White "MITerryble"]
[Black "comedy_of_errors"]
[Result "1-0"]
[WhiteElo "2673"]
[BlackElo "2597"]
[TimeControl "180+2"]
[EndTime "14:34:12 PST"]
[Termination "MITerryble won by resignation"]

1. d4 Nf6 2. Nf3 g6 3. Bg5 Bg7 4. Nbd2 d5 5. c3 O-O 6. e3 b6 7. Be2 Bb7 8. O-O Nbd7 9. a4 a6 10. a5 b5 11. b4 h6 12. Bh4 Re8 13. h3 Qc8 14. Bg3 Bc6 15. Rc1 Qb7 16. Ne5 Nxe5 17. Bxe5 Bf8 18. Nb3 Nd7 19. Bg3 e5 20. Qd2 Rad8 21.
Rce1 Bg7 22. f4 e4 23. f5 g5 24. Rf2 Bf6 25. Ref1 Kg7 26. Bh5 Rh8 27. Qd1 Rdf8 28. Qe1 Qc8 29. Rd2 Qd8 30. Bh2 Bb7 31. Qg3 c6 32.
Rdf2 Bc8 33. Kh1 Re8 34. Qd6 Bb7 35. Nc1 Qe7 36. Qc7 Nf8 37. Qg3 Nd7 38. Ne2 Kf8 39. Qc7 Ba8 40. Bd6 Kg7 41. Bxe7 Rxe7 42. Qd6 Rd8 43.
Ng3 Ree8 44. Bd1 Kh7 45. Qc7 1-0

[Event "*** Titled Tuesday Blitz"]
[Site "Chess.com"]
[Date "2018.01.02"]
[Round "7"]
[White "aa175"]
[Black "arna"]
[Result "0-1"]
[WhiteElo "1894"]
[BlackElo "2100"]
[TimeControl "180+2"]
[EndTime "14:34:20 PST"]
[Termination "arna won on time"]

1. e4 c5 2. Nf3 Nc6 3. d4 cxd4 4.
Nxd4 e5 5. Nb5 d6 6. N1c3 a6 7. Na3 Be7 8. Nc4 b5 9. Ne3 Nf6 10. a4 b4 11. Ncd5 Nxe4 12. Qf3 Ng5 13. Qd1 O-O 14. h4 Ne6 15. Bd3 Nc5 16. Nf5 e4 17. Bc4 Bxf5 18. Bf4 Ne5 19. h5 Nxc4 20. b3 Ne5 21.
Rg1 Bg5 22. g3 Nf3+ 23. Kf1 Bh3+ 24. Rg2 Bg4 25. Qb1 Bxf4 26. gxf4 Nd2+ 27. Ke1 Nxb1 28. Rxg4 Kh8 29. Rxb1 Ne6 0-1

[Event "*** Titled Tuesday Blitz"]
[Site "Chess.com"]
[Date "2018.01.02"]
[Round "7"]
[White "ChristopherYoo"]
[Black "ramses135"]
[Result "1-0"]
[WhiteElo "2310"]
[BlackElo "2373"]
[TimeControl "180+2"]
[EndTime "14:34:21 PST"]
[Termination "ChristopherYoo won on time"]

1. e4 e5 2. Nf3 Nc6 3. Bb5 Nge7 4. c3 a6 5. Ba4 g6 6. O-O Bg7 7. Re1 O-O 8. d3 d6 9. Nbd2 Kh8 10. Nf1 f5 11. h3 b5 12. Bc2 Be6 13. d4 fxe4 14.
Bxe4 d5 15. Bc2 e4 16. N3h2 Qd7 17. Ne3 Rf7 18. f3 Bxh3 19. gxh3 Qxh3 20. fxe4 Rf2 21. Nhf1 Raf8 22. Re2 R2f3 23. Rh2 Qd7 24. Qe2 Nxd4 25. cxd4 Bxd4 26. Bd2 Qg4+ 27. Qg2 Rxf1+ 28. Rxf1 Rxf1+ 29. Kxf1 Qf4+ 30. Qf2 Qxf2+ 31. Rxf2 1-0

[Event "*** Titled Tuesday Blitz"]
[Site "Chess.com"]
[Date "2018.01.02"]
[Round "7"]
[White "SergeiAza"]
[Black "Babbelbox"]
[Result "1-0"]
[WhiteElo "2663"]
[BlackElo "2439"]
[TimeControl "180+2"]
[EndTime "14:34:27 PST"]
[Termination "SergeiAza won on time"]

1. e4 e6 2. d4 d5 3. Nd2 Nf6 4. e5 Nfd7 5. Bd3 c5 6. c3 Nc6 7. Ne2 cxd4 8. cxd4 f6 9. exf6 Nxf6 10. Nf3 Bd6 11. O-O Qc7 12. Be3 O-O 13. Nc3 a6 14. Rc1 Bd7 15. Na4 Rae8 16. Nc5 Bc8 17. Re1 Ng4 18.
Bxh7+ Kh8 19. Bg6 Bxh2+ 20. Kh1 Bf4 21. Ng5 e5 22. Qb3 exd4 23. Bxf4 Rxe1+ 24. Rxe1 Qxf4 25. Qh3+ Nh6 26. Qg3 Qd2 27. f3 Bg4 28. Qh4 b6 29. Nb3 Qb4 30. fxg4 d3 31. Bxd3 Ne5 32. Rxe5 Qf4 33.
Rf5 1-0

[Event "*** Titled Tuesday Blitz"]
[Site "Chess.com"]
[Date "2018.01.02"]
[Round "7"]
[White "colemman"]
[Black "TastyFrenchFries"]
[Result "0-1"]
[WhiteElo "2415"]
[BlackElo "2325"]
[TimeControl "180+2"]
[EndTime "14:34:27 PST"]
[Termination "TastyFrenchFries won by resignation"]

1. d4 e6 2. Nf3 Nf6 3. Nbd2 c5 4. e3 d5 5. c3 Be7 6. Bd3 O-O 7. Qe2 c4 8. Bc2 Nc6 9. e4 b5 10. a3 a5 11. O-O Ba6 12. Re1 Qc7 13. e5 Nd7 14.
Nf1 h6 15. Ng3 Rfb8 16. Nh5 b4 17.
axb4 axb4 18. h3 b3 19. Bb1 Bb5 20. Rxa8 Rxa8 21. Nh2 Bf8 22. Ng4 Qd8 23. Kh2 Qh4 24. g3 Qe7 25. Be3 Kh8 26. Qd2 Ra7 27. Nxh6 gxh6 28. Bxh6 Ra2 29. Bg5 Rxb2 30. Qf4 Rxf2+ 31. Qxf2 Qxg5 32. Qxf7 Qd2+ 33. Kg1 Qxe1+ 34. Kg2 Qxb1 35. Nf6 Qc2+ 36. Kg1 Nxf6 37. exf6 Qd1+ 38. Kf2 Qd2+ 39. Kf1 Qh6 40. Qb7 b2 41. Qxb5 Nb4 42. Ke1 b1=Q+ 43. Ke2 Qh5+ 44. g4 Qc2+ 45. Ke1 Qh4+ 0-1

[Event "*** Titled Tuesday Blitz"]
[Site "Chess.com"]
[Date "2018.01.02"]
[Round "7"]
[White "Hanging_pointer"]
[Black "rasool78"]
[Result "0-1"]
[WhiteElo "2244"]
[BlackElo "2322"]
[TimeControl "180+2"]
[EndTime "14:34:32 PST"]
[Termination "rasool78 won by resignation"]

1. e4 g6 2. d4 Bg7 3. Nc3 c5 4. dxc5 Bxc3+ 5. bxc3 Qa5 6. Qd4 Nf6 7. Qb4 Qc7 8. Bb5 Nc6 9. Bxc6 Qxc6 10. f3 b6 11.
Be3 O-O 12. Ne2 Ba6 13. Kf2 Bxe2 14. Kxe2 bxc5 15. Qxc5 Qa6+ 16. Kf2 d6 17. Qd4 Rfc8 18.
Bd2 Rc4 19. Qd3 Rac8 20. Rhe1 Nd7 21. Qe2 Qa4 22. Qd1 Qc6 23. Rb1 Nc5 24. Rb4 Na4 25. Rb3 Qc5+ 26. Re3 Nb6 27. Ke2 Ra4 28. Qb1 Qc4+ 29.
Ke1 Qa6 30. a3 Rxa3 31. Rxa3 Qxa3 32. Qb3 Qc5 33. Rd3 Qg1+ 34. Ke2 Qxg2+ 35. Ke3 Nc4+ 36.
Kd4 Nxd2 0-1

[Event "*** Titled Tuesday Blitz"]
[Site "Chess.com"]
[Date "2018.01.02"]
[Round "7"]
[White "TheNomNomFactor"]
[Black "MatthewG-p4p"]
[Result "0-1"]
[WhiteElo "2395"]
[BlackElo "2601"]
[TimeControl "180+2"]
[EndTime "14:34:35 PST"]
[Termination "MatthewG-p4p won on time"]

1. d4 Nf6 2. c4 c5 3. d5 e6 4. Nc3 exd5 5. cxd5 d6 6. Nf3 g6 7. Bf4 a6 8. a4 Bg7 9. h3 O-O 10. e3 Re8 11. Nd2 Nh5 12. Bh2 f5 13. Be2 f4 14. exf4 Nf6 15. O-O Nbd7 16. f5 gxf5 17.
Nc4 Ne5 18. Bxe5 dxe5 19. a5 e4 20. Nb6 Rb8 21. Bc4 Qd6 22. Re1 Bd7 23. Qd2 Rbd8 24. Rad1 f4 25. Ba2 Bb5 26. Nxb5 axb5 27. Qc2 f3 28.
Qb3 Nh5 29. Qxb5 Bd4 30. Rxd4 cxd4 31. Nc4 Qg6 32. g4 Nf4 33. Kh2 Qh6 34. Kg3 Nd3 35.
d6 Qf4+ 36. Kh4 Kh8 37. Qxb7 Re6 0-1

[Event "*** Titled Tuesday Blitz"]
[Site "Chess.com"]
[Date "2018.01.02"]
[Round "7"]
[White "Kaphrep"]
[Black "viktorskliarov"]
[Result "1-0"]
[WhiteElo "2640"]
[BlackElo "2436"]
[TimeControl "180+2"]
[EndTime "14:34:38 PST"]
[Termination "Kaphrep won by resignation"]

1. e4 c5 2. Nf3 Nc6 3. Bb5 e6 4.
Bxc6 bxc6 5. b3 Ne7 6. Bb2 Ng6 7. h4 h5 8. d3 f6 9. Nbd2 e5 10. g3 d6 11. Nc4 Be7 12. Ne3 Be6 13. Nd2 Kf7 14.
Qe2 Qc8 15. Qf1 f5 16. f4 exf4 17. gxf4 Bxh4+ 18. Rxh4 Nxh4 19. Qh3 Qd8 20. exf5 Bc8 21. Kf2 d5 22. Be5 d4 23. Nec4 Nxf5 24. Rg1 Rh6 25.
Ne4 Be6 26. Ng5+ Ke7 27. Nxe6 Kxe6 28. Rg5 g6 29. Qg2 Qd5 30. Rxg6+ Kd7 31. Rg7+ Nxg7 32. Qxg7+ Ke8 33. Qxh6 Rd8 34. Qh8+ Kd7 35. Qh7+ Ke8 36.
Qxh5+ Kf8 37. Qh8+ Kf7 38. Qg7+ Ke8 39. f5 Qf7 40. Nd6+ Rxd6 41. Qxf7+ 1-0

[Event "*** Titled Tuesday Blitz"]
[Site "Chess.com"]
[Date "2018.01.02"]
[Round "7"]
[White "GMKrikor"]
[Black "NewBornNow"]
[Result "1/2-1/2"]
[WhiteElo "2666"]
[BlackElo "2682"]
[TimeControl "180+2"]
[EndTime "14:34:42 PST"]
[Termination "Game drawn by repetition"]

1. d4 Nf6 2. c4 e6 3. Nf3 Nc6 4. Nc3 Bb4 5. Bd2 O-O 6. g3 d6 7. Bg2 e5 8. d5 Ne7 9. O-O Bxc3 10. Bxc3 Ne4 11. Be1 f5 12. Rc1 a5 13. Nd2 Nxd2 14.
Bxd2 b6 15. f4 exf4 16. gxf4 Rf6 17. Bc3 Rh6 18. Qd4 Qf8 19. Rf3 Bd7 20. Rg3 Ng6 21.
Rf1 Re8 22. e4 Re7 23. Rg5 fxe4 24. Bxe4 Rh4 25. Bxg6 hxg6 26. Rxg6 Kh7 27. Rg5 Rg4+ 28. Rxg4 Bxg4 29. f5 Be2 30. Qh4+ Kg8 31. Re1 Qxf5 32. Qxe7 Qg4+ 33. Kf2 Qf3+ 34. Kg1 Qg4+ 35. Kf2 Qf3+ 36.
Kg1 Qg4+ 37. Kf2 1/2-1/2

[Event "*** Titled Tuesday Blitz"]
[Site "Chess.com"]
[Date "2018.01.02"]
[Round "7"]
[White "Maitreia"]
[Black "geeeeri"]
[Result "0-1"]
[WhiteElo "2537"]
[BlackElo "2417"]
[TimeControl "180+2"]
[EndTime "14:34:43 PST"]
[Termination "geeeeri won by checkmate"]

1. c4 e5 2. g3 Nc6 3. Bg2 Nf6 4. a3 a5 5. Nc3 Bc5 6. d3 O-O 7. Nf3 Re8 8. Bg5 h6 9. Bxf6 Qxf6 10. O-O Qd8 11. e3 d6 12. Nd5 Bg4 13. h3 Bh5 14. Qd2 Ne7 15. b4 Ba7 16. bxa5 Nxd5 17. cxd5 Bc5 18.
d4 e4 19. g4 exf3 20. Bxf3 Bxd4 21. Qxd4 Bg6 22. Qb4 Bd3 23. Rfd1 Ba6 24. Rd4 Qf6 25. Kg2 Re5 26. Rc1 Rae8 27. Rf4 Qe7 28. Qc3 Rc8 29.
Qd4 c5 30. dxc6 bxc6 31. Rxc6 Rxc6 32. Bxc6 Rxa5 33. a4 Rc5 34. Bf3 Rc1 35. Bd5 Qh4 36. Bxf7+ Kh8 37. Rf3 Bf1+ 38. Kh2 Bxh3 39. g5 Bg4+ 40.
Rh3 Qxh3# 0-1